 Dungeon Crawl Stone Soup version 0.17-a0-1092-gc664a5b (console) character file.

46 Monkaria the Skirmisher (level 3, -3/30 HPs)
             Began as a Demonspawn Chaos Knight on May 20, 2015.
             Slain by Crazy Yiuf
             ... wielding a +4 quarterstaff of chaos
              (5 damage)
             ... on level 2 of the Dungeon.
             The game lasted 00:05:08 (1363 turns).

Monkaria the Skirmisher (Demonspawn Chaos Knight)   Turns: 1363, Time: 00:05:08

Health: -3/30      AC:  8    Str: 13    XL:     3   Next: 46%
Magic:  3/3        EV: 11    Int: 13    God:    Xom [*.....]
Gold:   86         SH:  2    Dex: 12    Spells: 0 memorised, 2 levels left

rFire  . . .     SeeInvis .     a - +0 falchion (chaos)
rCold  . . .     Clarity  .     b - +2 leather armour
rNeg   . . .     SustAb   .     (no shield)
rPois  .         Gourm    .     g - +0 helmet
rElec  .         Spirit   .     (no cloak)
rCorr  .         Warding  .     (no gloves)
rMut   .         Stasis   .     (no boots)
MR     .....                    (no amulet)
Stlth  +.........               (no ring)
                                (no ring)

@: not resistant to hostile enchantments, very unstealthy
A: large bone plates 1
a: Renounce Religion


You were on level 2 of the Dungeon.
You worshipped Xom.
You were a special plaything of Xom.
You were near starving.

You visited 1 branch of the dungeon, and saw 2 of its levels.

You collected 86 gold pieces.

Inventory:

Hand weapons
 a - a +0 falchion of chaos (weapon)
Missiles
 o - a javelin (quivered)
Armour
 b - a +2 leather armour (worn)
 g - a +0 helmet (worn)
Scrolls
 d - 4 scrolls of remove curse {unknown}
 h - 4 scrolls of identify {unknown}
 i - 3 scrolls of fear {unknown}
 k - a scroll of enchant weapon {unknown}
 l - a scroll of recharging {unknown}
 n - 3 scrolls of amnesia {unknown}
Potions
 e - a potion of might {unknown}
 j - a potion of heal wounds {unknown}
 m - a potion of curing {unknown}
 p - a potion of cure mutation {unknown}
Comestibles
 c - 2 bread rations
 f - a meat ration


   Skills:
 - Level 4.1 Fighting
 - Level 2.6 Long Blades
 + Level 2.4 Armour
 - Level 0.8 Dodging


You had 2 spell levels left.
You didn't know any spells.

Dungeon Overview and Level Annotations

Branches:
Dungeon (2/15)

Altars:
The Shining One

Annotations:
D:2 Crazy Yiuf


Innate Abilities, Weirdness & Mutations

You are partially covered in large bone plates (AC +2, SH +2).


Message History

Crazy Yiuf is moderately wounded.
Throwing (i - inventory):
o - a javelin (quivered)
Press: ? - help, Shift-Dir - straight line, f/p - Crazy Yiuf
Aim: Crazy Yiuf, wielding a quarterstaff of chaos and wearing a cloak (moderately wounded)
Okay, then.
You slash Crazy Yiuf!
Crazy Yiuf is severely wounded.
You are near starving!
Crazy Yiuf hits you with a quarterstaff of chaos.
Crazy Yiuf burns you.
You barely miss Crazy Yiuf.
Crazy Yiuf is severely wounded.
Crazy Yiuf shuffles his notes under his cloak.
Crazy Yiuf hits you with a quarterstaff of chaos!
You barely miss Crazy Yiuf.
Crazy Yiuf is severely wounded.
Crazy Yiuf hits you with a quarterstaff of chaos!
* * * LOW HITPOINT WARNING * * *
Crazy Yiuf freezes you.
You die...

#.# #.8#8...# #.#
#......## #.#
######## # #.# #
#.########### #
#####...........#
#
#......##.#####.#
#
#####......#...#
#.# ######
#.......###@...#
#.# #.....
#.###...# #g..+#
#.# #..... #.#
#...# ♣(...♣ #.#
#..... #.# #####
♣(..♣♣ #.# #.....
#.# ♣♣(♣♣
#.###..... #.#
♣.♣♣ #.........
#.# ♣♣.♣
#.###..... #.#
♣.♣ #.# ######
#.####### ♣♣. #.#


You could see Crazy Yiuf.

Vanquished Creatures
  An adder (D:2)
  4 bats
  8 goblins
  7 hobgoblins
  5 jackals
  8 kobolds
  A giant cockroach (D:1)
  2 giant newts
  A rat (D:1)
37 creatures vanquished.

Notes
Turn   | Place    | Note
--------------------------------------------------------------
     0 | D:1      | Monkaria the Demonspawn Chaos Knight began the quest for the Orb.
     0 | D:1      | Reached XP level 1. HP: 18/18 MP: 1/1
    56 | D:1      | XOM: harmless Tloc miscast
   103 | D:1      | Gained mutation: You are partially covered in large bone plates (AC +2, SH +2). [demonic ancestry]
   103 | D:1      | Reached XP level 2. HP: 24/24 MP: 2/2
   408 | D:1      | XOM: divination: detect creatures
   589 | D:1      | Reached skill level 4 in Fighting
   735 | D:1      | XOM: scenery: 1 doors close
   864 | D:2      | Reached XP level 3. HP: 30/30 MP: 3/3
  1084 | D:2      | Found a glowing golden altar of the Shining One.
  1145 | D:2      | XOM: snakes to sticks
  1231 | D:2      | XOM: chaos cloud
  1350 | D:2      | Noticed Crazy Yiuf
  1363 | D:2      | Slain by Crazy Yiuf

Vault maps used:
D:1:      dpeg_arrival_arbitrary_a
D:2:      first_bread, minmay_statues_item, tso_metal_star,
          uniq_crazy_yiuf_cottage

Action                   || total
-------------------------++-------
Melee: Falchion          ||   111
Throw: Javelin           ||     3
 Stab: Paralysed         ||     1
